 Dungeon Crawl Stone Soup version 0.26.0-16-gc1dbca0489 (webtiles) character file.

Game seed: 3863400890876211236

529 112233 the Cutter (level 7, -2/49 HPs)
             Began as an Octopode Fighter on Jan 19, 2021.
             Slain by a killer bee (8 damage)
             ... on level 3 of the Dungeon.
             The game lasted 00:02:50 (4284 turns).

112233 the Cutter (Octopode Fighter)                Turns: 4284, Time: 00:02:51

Health: -2/49      AC:  1    Str: 16    XL:     7   Next: 23%
Magic:  7/7        EV: 13    Int: 11    God:
Gold:   160        SH:  9    Dex: 12    Spells: 6/6 levels left

rFire    . . .     SeeInvis .   a - +1 rapier
rCold    . . .     Faith    .   b - +0 kite shield
rNeg     . . .     Spirit   .   (helmet restricted)
rPois    .         Reflect  .   e - amulet of magic regeneration
rElec    .         Harm     .   (no ring)
rCorr    .         Rampage  .   (no ring)
Will     .....                  (no ring)
Stlth    ++........             (no ring)
HPRegen  0.16/turn              (no ring)
MPRegen  0.35/turn              (no ring)
                                (no ring)
                                (no ring)

@: brilliant, lethally poisoned (-2 -> -11), very slightly contaminated,
invisible
A: almost no armour, stealthy swim, amphibious, 8 rings, constrict 8, camouflage
1, gelatinous body 1
a: no special abilities


You were on level 3 of the Dungeon.
You visited 2 branches of the dungeon, and saw 5 of its levels.

You collected 160 gold pieces.

Inventory:

Hand Weapons
 a - a +1 rapier (weapon)
Missiles
 p - 5 datura-tipped darts (quivered)
Armour
 b - a +0 kite shield (worn)
Jewellery
 e - an amulet of magic regeneration (around mantle)
Wands
 l - a wand of acid (3)
Scrolls
 f - 3 scrolls of teleportation {unknown}
 g - a scroll of enchant weapon
 i - 2 scrolls of blinking {unknown}
 j - a scroll of remove curse {unknown}
 k - a scroll of amnesia {unknown}
 m - 2 scrolls of noise {unknown}
 n - 3 scrolls of fear {unknown}
 o - 2 scrolls of identify {unknown}
Potions
 c - a potion of might


   Skills:
 + Level 4.3 Fighting
 * Level 5.0 Short Blades
 + Level 4.4 Dodging
 + Level 4.4 Shields


You had 6 spell levels left.
You didn't know any spells.
Your spell library was empty.

Dungeon Overview and Level Annotations

Branches:
Dungeon (4/15)             Temple (1/1) D:4

Altars:
Ashenzari
Cheibriados
Dithmenos
Elyvilon
Fedhas
Hepliaklqana
Kikubaaqudgha
Makhleb
Nemelex Xobeh
Okawaru
Qazlal
Ru
Sif Muna
Trog
Wu Jian
Xom
Yredelemnul
Zin
The Shining One

Annotations:
D:2 Sigmund


Innate Abilities, Weirdness & Mutations

You cannot wear most types of armour.
You are very stealthy in the water. (Stealth+)
You are amphibious.
You can wear up to eight rings at the same time.
You can use your tentacles to constrict eight enemies at once.
Your skin changes colour to match your surroundings (Stealth+).
Your rubbery body absorbs attacks. (AC +1, EV +1)


Message History

As you read the scroll labelled KIUMUE CAOP, it crumbles to dust.
It is a scroll of enchant weapon.
Your +0 rapier glows red for a moment.
You constrict the killer bee.
You kill the killer bee!
* * * LOW HITPOINT WARNING * * *
You feel sick.
The kobold throws a stone.
The stone barely misses the killer bee.
You block the stone. The killer bee closely misses you.
Your Short Blades skill increases to level 5!
Unknown command.
You closely miss the killer bee.
The killer bee buzzes angrily.
Your grab misses the killer bee.
* * * LOW HITPOINT WARNING * * *
You feel sick. You block the killer bee's attack. x2
Unknown command.
You closely miss the killer bee. Your grab misses the killer bee.
* * * LOW HITPOINT WARNING * * *
You feel sick. The killer bee stings you!
You die...

######## ...>...##
.####...## #########
##.#.#.# #.(......
#....#.#####.###
.##..#.#.##.((...###
........###.##.#.#..
.......####.##.#@#.#
##...#.........#y#.#
.
#...######.####K#.#
... ##.#
#......#)#..#
#......>....#
#......#.......
#....r.#.##.##.
#......... #
######.#...


You could see a killer bee, a kobold and a rat (wandering).

Vanquished Creatures
  A phantom (D:4)
  A centaur (D:4)
  A scorpion (D:4)
  A killer bee (D:3)
  A hound (D:4)
  A centaur skeleton (D:4)
  3 worker ants (D:4)
  3 adders
  2 river rats (D:4)
  An ooze (D:1)
  An adder zombie (D:1)
  An adder skeleton (D:4)
  2 worms (D:2)
  4 dart slugs
  4 leopard geckos
  An orc (D:3)
  A bat zombie (D:1)
  5 giant cockroaches
  6 goblins
  5 hobgoblins
  4 jackals
  4 kobolds
  A quokka (D:4)
  2 ball pythons
  2 bats
  3 frilled lizards
  7 rats
68 creatures vanquished.

Vanquished Creatures (others)
  A bush (D:4)
1 creature vanquished.

Grand Total: 69 creatures vanquished

Notes
Turn   | Place    | Note
-------+----------+-------------------------------------------
     0 | D:1      | 112233 the Octopode Fighter began the quest for the Orb.
     0 | D:1      | Reached XP level 1. HP: 16/16 MP: 1/1
   310 | D:1      | Reached XP level 2. HP: 21/21 MP: 2/2
   490 | D:1      | Reached XP level 3. HP: 26/26 MP: 3/3
  1351 | D:2      | Reached skill level 3 in Short Blades
  1485 | D:2      | Reached XP level 4. HP: 31/31 MP: 4/4
  1697 | D:2      | Noticed Sigmund
  1970 | D:4      | Reached XP level 5. HP: 24/36 MP: 5/5
  2193 | D:4      | Noticed a phantom
  2226 | D:4      | Killed a phantom
  2227 | D:4      | Reached skill level 4 in Short Blades
  2498 | D:4      | Found a staircase to the Ecumenical Temple.
  2519 | Temple   | Entered the Ecumenical Temple
  2691 | D:4      | Reached XP level 6. HP: 43/43 MP: 6/6
  2972 | D:4      | Found a blossoming altar of Fedhas.
  3441 | D:4      | Reached XP level 7. HP: 33/48 MP: 7/7
  3800 | D:4      | Found a glowing silver altar of Zin.
  3872 | D:4      | Found a white marble altar of Elyvilon.
  3873 | D:4      | Found a sparkling altar of Nemelex Xobeh.
  4283 | D:3      | Reached skill level 5 in Short Blades
  4284 | D:3      | Slain by a killer bee

Illustrated notes

Levels and vault maps discovered:
D:1:      saegor_arrival_fortress, layout_basic
D:2:      layout_basic, uniq_sigmund
D:3:      layout_loops_cross, old_standard_altar
D:4:      layout_basic, old_standard_altar, gammafunk_temple_overflow_statue,
          minmay_temple_entry_stoned_glass, portal_sewer_entry_b,
          fedhas_bush_and_centaur_altar
Temple:   nicolae_temple_elliptical

Skill      XL: |  1  2  3  4  5  6  7 |
---------------+----------------------+-----
Short Blades   | 3 4 5 |  5.0
Dodging        | 4 |  4.4
Shields        | 4 |  4.4
Fighting       | 4 |  4.3

Action                   |  1- 3 |  4- 6 |  7- 9 || total
-------------------------+-------+-------+-------++-------
Melee: Rapier            |    59 |    63 |    29 ||   151
       Constrict         |    14 |    11 |     8 ||    33
       Tentacles         |     5 |    13 |     3 ||    21
Evoke: Wand              |       |     5 |       ||     5
  Use: Potion            |       |       |     3 ||     3
       Scroll            |       |       |     1 ||     1
 Stab: Sleeping          |     8 |     3 |       ||    11
Armor: Skin              |     7 |     2 |       ||     9
Dodge: Dodged            |    28 |    17 |    20 ||    65
Block: Kite shield       |    18 |    22 |    20 ||    60
